 Dungeon Crawl Stone Soup version 0.27-a0-931-g5a74e75d8f (webtiles) character file.

Game seed: 5515163205072152771

290 Alarkh the Insei (level 6, 0/48 HPs)
             Began as a Demonspawn Gladiator on Apr 10, 2021.
             Was a Follower of Qazlal.
             Slain by an orc wizard
             ... wielding a +0 dagger
              (5 damage)
             ... on level 4 of the Dungeon.
             The game lasted 00:04:16 (4656 turns).

Alarkh the Insei (Demonspawn Gladiator)             Turns: 4656, Time: 00:04:16

Health: 0/48       AC:  5    Str: 14    XL:     6   Next: 9%
Magic:  6/6        EV: 12    Int: 12    God:    Qazlal [*.....]
Gold:   395        SH:  1    Dex: 14    Spells: 5/5 levels left

rFire    . . .     SeeInvis .     - Unarmed
rCold    . . .     Faith    .   (no shield)
rNeg     . . .     Spirit   .   a - +0 leather armour
rPois    .         Reflect  .   b - +0 helmet
rElec    .         Harm     .   (no cloak)
rCorr    .         Rampage  .   (no gloves)
Will     .....                  k - +0 pair of boots
Stlth    +.........             (no amulet)
HPRegen  0.16/turn              (no ring)
MPRegen  0.10/turn              (no ring)

@: no status effects
A: powered by death 1, sturdy frame 1, demonic magic 2
a: Renounce Religion


You were on level 4 of the Dungeon.
You worshipped Qazlal.
Qazlal was aware of your devotion.
You visited 1 branch of the dungeon, and saw 5 of its levels.

You collected 395 gold pieces.

Inventory:

Missiles
 u - a throwing net (quivered)
Armour
 a - a +0 leather armour (worn)
 b - a +0 helmet (worn)
 k - a +0 pair of boots (worn)
Wands
 c - a wand of digging (3)
 q - a wand of polymorph (7)
 w - a wand of flame (22)
Scrolls
 d - a scroll of fog {unknown}
 e - a scroll of brand weapon {unknown}
 g - 2 scrolls of magic mapping {unknown}
 j - 2 scrolls of enchant armour {unknown}
 l - 2 scrolls of teleportation {unknown}
 n - 2 scrolls of amnesia {unknown}
 o - a scroll of immolation {unknown}
 p - a scroll of enchant weapon {unknown}
 r - 2 scrolls of vulnerability {unknown}
 v - 2 scrolls of identify {unknown}
Potions
 f - a potion of might
 h - a potion of haste
 i - a potion of flight {unknown}
 m - a potion of curing
 s - a potion of resistance {unknown}
 t - a potion of brilliance {unknown}
 x - a potion of heal wounds {unknown}


   Skills:
 + Level 3.9 Fighting
 - Level 1.7 Throwing
 - Level 2.6 Dodging
 * Level 5.3 Unarmed Combat


You had 5 spell levels left.
You didn't know any spells.
Your spell library contained the following spells:

 Spells                   Type           Power      Damage    Failure   Level
 Magic Dart               Conj           0%         1d3       34%         1
 Blink                    Tloc           N/A        N/A       45%         2
 Call Imp                 Summ           0%         N/A       45%         2
 Slow                     Hex            0%         N/A       45%         2
 Conjure Flame            Conj/Fire      0%         6-21      71%         3
 Mephitic Cloud           Conj/Pois/Air  0%         N/A       71%         3


Dungeon Overview and Level Annotations

Branches:
Dungeon (5/15)
 Temple: D:4-7

Altars:
Gozag
Nemelex Xobeh
Qazlal
Xom

Shops:
D:4 :


Innate Abilities, Weirdness & Mutations

You regenerate a little health from kills.
Your movements are slightly less encumbered by armour. (ER -2)
Spells you cast may paralyse nearby enemies.


Message History

You hit something.
You hear some strange, mumbled words.
You are confused.
You barely miss something. Something hits you but does no damage.
You bump into the rock wall.
Something hits you but does no damage.
You hear some strange, mumbled words.
A magic dart appears from out of thin air!
The magic dart hits you.
Items here: )) [ ††.
Something hits you but does no damage. Something hits you but does no damage.
Items here: )) [ ††.
You hit something. Something hits you.
You closely miss something. Something hits you.
You miss something.
You feel less confused.
You hear some strange, mumbled words.
A magic dart appears from out of thin air!
The magic dart hits you.
* * * LOW HITPOINT WARNING * * *
Something hits you.
* * * LOW HITPOINT WARNING * * *
There is a stone staircase leading up here.
You hear some strange, mumbled words.
You are confused.
In your confused state, you trip and fall back down the stairs.
* * * LOW HITPOINT WARNING * * *
Something barely misses you. Something hits you but does no damage.
You climb upwards.
Reactivating autopickup.
There is a stone staircase leading down here.
There is a strange disturbance nearby!
Deactivating autopickup; reactivate with Ctrl-A.
You miss something. Something hits you.
* * * LOW HITPOINT WARNING * * *
You're too confused to move!
You feel less confused. Something hits you.
You die...

########### #.......'.
#.......#. #.......#.
##'####### #.........
###############.........
#.......................
#......○...........>....
#......@................
#......{................
#.......................
#.......................
##########......########
#......#......+
#......#......#
#......'......#
#......#.##...#


There were no monsters in sight!

Vanquished Creatures
  A hound (D:4)
  An orc priest (D:5)
  A bullfrog skeleton (D:5)
  Ijyb (D:3)
  A hound zombie (D:3)
  A mummy (D:4)
  5 adders
  A worm (D:2)
  2 dart slugs
  11 orcs
  6 ball pythons
  9 endoplasms
  2 giant cockroaches (D:1)
  6 goblins
  9 hobgoblins
  4 jackals
  3 kobolds
  6 quokkas
  8 bats
  2 frilled lizards
  3 hobgoblin zombies (D:4)
  A kobold zombie (D:4)
  4 rats
88 creatures vanquished.

Vanquished Creatures (others)
  5 toadstools (D:1)
5 creatures vanquished.

Grand Total: 93 creatures vanquished

Notes
Turn   | Place    | Note
-------+----------+-------------------------------------------
     0 | D:1      | Alarkh the Demonspawn Gladiator began the quest for the
                  | Orb.
     0 | D:1      | Reached XP level 1. HP: 16/16 MP: 1/1
    76 | D:1      | Reached skill level 3 in Unarmed Combat
    90 | D:1      | Gained mutation: You regenerate a little health from kills.
                  | [demonic ancestry]
    90 | D:1      | Reached XP level 2. HP: 18/22 MP: 2/2
   327 | D:1      | Found a faded altar of an unknown god.
   879 | D:2      | Gained mutation: Spells you cast may paralyse adjacent
                  | enemies. [demonic ancestry]
   879 | D:2      | Reached XP level 3. HP: 17/28 MP: 3/3
  1295 | D:2      | Found an opulent altar of Gozag.
  1335 | D:2      | Reached skill level 4 in Unarmed Combat
  1400 | D:2      | Gained mutation: Spells you cast may paralyse nearby
                  | enemies. [demonic ancestry]
  1400 | D:2      | Reached XP level 4. HP: 28/34 MP: 4/4
  1678 | D:3      | Found a stormy altar of Qazlal.
  1694 | D:3      | Became a worshipper of Qazlal Stormbringer
  1772 | D:3      | Found an opulent altar of Gozag.
  1836 | D:3      | Found a shimmering altar of Xom.
  2824 | D:4      | Gained mutation: Your movements are slightly less
                  | encumbered by armour. (ER -2) [demonic ancestry]
  2824 | D:4      | Reached XP level 5. HP: 12/41 MP: 5/5
  3067 | D:4      | Noticed Ijyb
  3179 | D:3      | Killed Ijyb
  3471 | D:4      | Reached * piety under Qazlal
  3595 | D:4      | Found Hiedwien's Book Emporium.
  3859 | D:5      | Entered Level 5 of the Dungeon
  3905 | D:5      | Found a sparkling altar of Nemelex Xobeh.
  3947 | D:5      | Reached skill level 5 in Unarmed Combat
  3989 | D:5      | HP: 2/42 [orc priest/+0 mace (6)]
  3993 | D:5      | Reached XP level 6. HP: 3/48 MP: 6/6
  4656 | D:4      | Slain by an orc wizard

Illustrated notes

Levels and vault maps discovered:
D:1:      psy_arrival_heroes, layout_basic,
          hellmonk_ecumenical_altar_slurped_away, kennysheep_pointless_box,
          minmay_misc_feat_columns, minmay_gold_behind_fungi,
          serial_bayou_pond_d, minmay_misc_feat_plants, nrook_mini_vaults,
          minivault_4
D:2:      layout_basic, basic_altar, minmay_misc_feat_roman,
          corexii_leaking_fountain
D:3:      layout_basic, nicolae_gozag_seed_capital, xom_teletrap_fun,
          lemuel_crystal_altar
D:4:      layout_gridville, serial_shops, shop_coins, minmay_mini_ossuary,
          uniq_ijyb
D:5:      layout_loops_corners, nemelex_diamond_rough_becter, slow_altar_1,
          kennysheep_mini_moat

Skill      XL: |  1  2  3  4  5 |
---------------+----------------+-----
Unarmed Combat | 3 4 5 |  5.3
Fighting       | 3 |  3.9
Throwing       | |  1.7
Dodging        | |  2.6

Action                   |  1- 3 |  4- 6 || total
-------------------------+-------+-------++-------
Melee: Unarmed           |   156 |   236 ||   392
       Punch             |     1 |     1 ||     2
Throw: Throwing net      |       |     3 ||     3
  Use: Potion            |       |     3 ||     3
 Stab: Sleeping          |     1 |     2 ||     3
       Held in net/web   |       |     1 ||     1
Armor: Leather armour    |    59 |    65 ||   124
Dodge: Dodged            |   120 |   115 ||   235
Block: Other             |       |     3 ||     3

Table legend: (Time is in decaauts)
 A = Elapsed time spent in this place.
 B = Non-inter-level travel time spent in this place.
 C = Inter-level travel time spent in this place.
 D = Time resting spent in this place.
 E = Time spent auto-exploring this place.
 F = Levels seen in this place.
 G = Mean time per level.
                   A        B        C        D        E       F      G
               +--------+--------+--------+--------+--------+-----+--------+
         Total |   4614 |   4434 |    180 |    502 |   3223 |   5 |  922.8 |
       Dungeon |   4614 |   4434 |    180 |    502 |   3223 |   5 |  922.8 |
               +--------+--------+--------+--------+--------+-----+--------+

Top non-repeatable levels by time:
     D:4: 1279 daAuts
     D:3: 1163 daAuts
     D:1: 835 daAuts
     D:2: 805 daAuts
     D:5: 530 daAuts
